Map: Moondance

Players

HeroMarine - Winner!

  • Race: Terran Terran
  • Spawn Location: 12:00

MaxPax

  • Race: Protoss Protoss
  • League: Grandmaster
  • Spawn Location: 6:00

VOD

Have the link to the VOD?

Description

Time

  • Played on: Oct. 21, 2022, 2:44 p.m.
  • Length: 13:59
Show
View Real Time Build Order
Export as new Build Order

HeroMarine Terran - Winner!

Build Orders: 1/1/1 

Get SALT Encoding   

  12  0:00  SCV  
  13  0:12  SCV  
  14  0:17  Supply Depot  
  14  0:24  SCV  
  15  0:39  SCV  
  15  0:40  Barracks  
  16  0:43  Refinery  
  16  0:51  SCV  
  16  0:52  Refinery  
  17  1:03  SCV  
  18  1:15  SCV  
  19  1:27  Reaper, Orbital Command  
  19  1:28  Supply Depot  
  20  1:40  Factory  
  20  1:53  SCV  
  21  1:59  Barracks Reactor  
  21  2:05  SCV  
  22  2:14  Command Center  
  22  2:17  SCV  
  23  2:28  Starport  
  23  2:29  SCV  
  24  2:34  Widow Mine  
  24  2:36  Supply Depot  
  26  2:41  SCV  
  26  2:42  Marine  
  28  2:45  Marine  
  29  2:53  SCV  
  32  2:58  Widow Mine  
  32  3:02  Marine  
  32  3:03  Marine  
  34  3:07  Medivac  
  34  3:08  SCV  
  39  3:20  Widow Mine  
  39  3:25  Marine x2  
  39  3:26  SCV  
  42  3:38  SCV  
  42  3:41  Factory Tech Lab  
  42  3:42  Starport Tech Lab  
  42  3:43  Marine x2  
  44  3:53  SCV  
  45  4:00  Siege Tank  
  45  4:01  Marine x2  
  49  4:07  Banshee  
  50  4:11  Supply Depot  
  50  4:13  SCV  
  50  4:19  Marine x2  
  50  4:25  SCV  
  50  4:32  Siege Tank  
  50  4:37  Marine x2  
  56  4:40  Barracks  
  56  4:41  SCV  
  55  4:53  SCV  
  55  4:55  Marine x2  
  55  4:58  Raven  
  55  4:59  Orbital Command  
  60  5:05  SCV  
  59  5:12  Marine x2  
  57  5:17  SCV, Siege Tank  
  61  5:24  Supply Depot  
  61  5:27  SCV, Barracks  
  62  5:36  SCV  
  62  5:39  SCV  
  62  5:42  Marine x2  
  59  5:44  Marine  
  59  5:48  SCV  
  56  5:51  SCV  
  56  5:54  Siege Tank  
  60  5:59  Marine x2  
  60  6:00  SCV  
  60  6:03  SCV  
  64  6:04  Bunker  
  64  6:10  Stimpack  
  66  6:11  Marauder  
  66  6:13  SCV  
  66  6:15  SCV  
  66  6:16  Supply Depot, Engineering Bay  
  66  6:24  Marine x2  
  66  6:25  SCV  
  65  6:27  SCV  
  65  6:32  Siege Tank  
  69  6:34  Supply Depot  
  69  6:37  SCV  
  69  6:38  Marauder  
  69  6:39  Barracks Tech Lab  
  73  6:41  Marine  
  73  6:42  Marine  
  73  6:44  Missile Turret  
  73  6:45  SCV, Refinery  
  74  6:49  SCV  
  75  6:57  SCV  
  75  6:59  Refinery, Marine x2  
  75  7:00  Marine x2  
  81  7:01  SCV  
  81  7:03  Combat Shield, Starport Reactor  
  81  7:09  SCV  
  81  7:13  SCV  
  83  7:17  Marine x2  
  83  7:21  SCV  
  84  7:25  SCV  
  85  7:32  Factory Reactor  
  86  7:39  Supply Depot  
  86  7:40  Terran Infantry Weapons Level 1  
  86  7:42  Marauder x2  
  86  7:43  Medivac  
  93  7:45  Marine  
  93  7:46  Supply Depot, Command Center, Marine  
  93  7:51  SCV  
  93  7:53  Barracks  
  93  7:54  Barracks  
  94  8:00  Medivac  
  94  8:01  SCV  
  94  8:03  SCV  
  98  8:09  Marauder x2  
  98  8:10  Supply Depot  
  98  8:11  Marine x2  
  98  8:12  Concussive Shells  
  101  8:13  SCV  
  101  8:16  Medivac  
  101  8:19  SCV  
  105  8:25  SCV  
  106  8:31  Medivac, Marauder x2  
  111  8:36  Supply Depot  
  111  8:37  Supply Depot, SCV x2  
  113  8:42  Marauder  
  113  8:44  Starport  
  113  8:47  Marine x2  
  117  8:51  SCV  
  118  8:57  SCV  
  118  8:58  Marauder x2  
  122  9:06  Marauder  
  122  9:07  Marine x3  
  122  9:09  Marine  
  123  9:19  Marauder x2  
  127  9:25  Viking x2, Marine x2  
  127  9:27  Marauder  
  127  9:28  Marine x2  
  127  9:29  SCV  
  137  9:33  Orbital Command  
  137  9:37  SCV  
  136  9:41  SCV, Marauder x2  
  136  9:42  Factory Reactor  
  141  9:49  Supply Depot x2, Marauder  
  141  9:50  SCV  
  144  9:53  SCV  
  144  9:54  Sensor Tower  
  144  9:58  Medivac x2  
  149  10:05  Refinery  
  149  10:06  Supply Depot  
  149  10:07  Supply Depot x2  
  149  10:09  Terran Infantry Armor Level 1  
  149  10:10  Marauder  
  149  10:11  Marauder x2  
  155  10:17  Marine x2  
  155  10:20  Marine x2  
  159  10:25  Armory  
  159  10:28  Viking  
  161  10:31  Marauder  
  161  10:32  Refinery  
  161  10:33  Viking x2  
  167  10:37  Viking  
  169  10:44  Bunker, Marauder  
  169  10:45  Supply Depot  
  169  10:46  Marauder  
  173  10:51  SCV x2  
  173  10:55  SCV  
  171  11:03  Marauder  
  164  11:06  Medivac x2  
  164  11:07  Medivac  
  164  11:11  SCV x2  
  168  11:23  Marauder x2, Marine x2  
  168  11:24  Marine  
  167  11:31  Medivac  
  167  11:32  Marauder, Marine  
  171  11:36  Medivac  
  174  11:41  Marine x3  
  174  11:44  Marauder, Marine  
  180  11:50  Marine  
  180  11:53  Marauder  
  169  11:59  Marine  
  169  12:02  Viking x2, Marauder  
  169  12:06  Marauder  
  177  12:15  Marauder  
  161  12:24  Marauder  
  161  12:27  Marauder  
  161  12:28  Ghost Academy  
  161  12:29  Medivac  
  158  12:35  Marine x2  
  158  12:36  Marauder  
  162  12:40  Marine x2  
  162  12:41  Command Center  
  162  12:45  Marauder  
  164  12:53  Marauder  
  164  12:57  Marauder, Marine  
  150  12:58  Marine x2  
  148  13:07  Marauder  
  148  13:08  Marine  
  151  13:14  Ghost  
  151  13:15  Marine  
  151  13:18  Ghost  
  144  13:27  Marine  
  144  13:28  Marauder  
  151  13:38  Marine x2  
Show
View Real Time Build Order
Export as new Build Order

MaxPax Protoss 

Build Orders: 1 Gate Expand, Blink Stalkers 

Get SALT Encoding   

  12  0:00  Probe  
  13  0:12  Probe  
  14  0:17  Pylon  
  14  0:24  Probe (Chrono Boost)  
  15  0:36  Gateway, Probe (Chrono Boost)  
  16  0:44  Probe (Chrono Boost)  
  16  0:46  Assimilator  
  17  0:51  Probe  
  18  1:03  Probe  
  19  1:15  Probe  
  20  1:23  Cybernetics Core  
  20  1:32  Nexus  
  20  1:35  Probe  
  21  1:40  Pylon  
  21  1:47  Probe  
  21  1:49  Assimilator  
  22  1:56  Adept (Chrono Boost)  
  22  1:58  Warp Gate (Chrono Boost)  
  22  1:59  Probe  
  25  2:09  Pylon  
  25  2:11  Probe  
  26  2:19  Stalker (Chrono Boost)  
  28  2:23  Probe  
  29  2:32  Gateway  
  29  2:35  Probe  
  30  2:45  Gateway  
  30  2:47  Probe  
  31  2:51  Probe  
  32  2:59  Probe  
  32  3:03  Probe  
  34  3:09  Twilight Council  
  34  3:11  Probe  
  35  3:15  Probe  
  36  3:23  Probe  
  36  3:26  Pylon  
  37  3:27  Probe  
  38  3:35  Probe  
  38  3:37  Stalker x2  
  38  3:39  Stalker  
  45  3:43  Probe  
  45  3:48  Probe  
  45  3:52  Blink (Chrono Boost)  
  45  3:55  Probe  
  46  4:00  Probe  
  47  4:03  Stalker  
  47  4:05  Stalker  
  47  4:07  Probe  
  52  4:11  Robotics Facility  
  52  4:12  Probe  
  52  4:19  Probe  
  52  4:24  Probe  
  52  4:30  Stalker x2  
  56  4:31  Probe  
  56  4:37  Probe, Pylon  
  56  4:38  Assimilator  
  58  4:41  Stalker  
  58  4:44  Probe  
  61  4:49  Probe  
  62  4:53  Pylon  
  62  4:56  Probe, Assimilator  
  61  5:02  Probe  
  61  5:09  Probe  
  61  5:11  Warp Prism (Chrono Boost)  
  65  5:17  Robotics Bay  
  65  5:19  Shield Battery  
  66  5:28  Pylon  
  64  5:30  Stalker x2  
  64  5:32  Stalker  
  70  5:37  Probe  
  70  5:39  Observer  
  67  5:44  Probe  
  64  6:01  Stalker x2  
  66  6:06  Nexus  
  66  6:10  Probe x2  
  68  6:14  Colossus (Chrono Boost)  
  74  6:26  Probe x2  
  76  6:33  Stalker  
  76  6:38  Pylon  
  78  6:44  Observer  
  78  6:51  Pylon  
  78  6:52  Charge, Extended Thermal Lance  
  78  6:53  Pylon  
  78  6:56  Probe x2  
  78  6:58  Forge  
  78  7:00  Colossus (Chrono Boost)  
  86  7:09  Probe x2  
  86  7:11  Pylon  
  87  7:21  Probe x2 (Chrono Boost)  
  87  7:22  Sentry x2  
  93  7:25  Probe (Chrono Boost)  
  94  7:30  Gateway  
  94  7:32  Gateway  
  94  7:33  Probe (Chrono Boost)  
  95  7:37  Shield Battery  
  95  7:41  Gateway  
  95  7:42  Probe x2 (Chrono Boost)  
  95  7:44  Probe (Chrono Boost)  
  98  7:48  Zealot x3  
  104  7:52  Probe x2  
  104  7:56  Probe  
  105  8:04  Probe  
  103  8:06  Probe  
  103  8:08  Colossus (Chrono Boost)  
  103  8:09  Probe  
  108  8:16  Probe  
  108  8:18  Probe  
  110  8:21  Probe  
  110  8:26  Pylon  
  111  8:32  Zealot x2  
  115  8:35  Zealot x2  
  117  8:41  Gateway, Pylon  
  117  8:48  Zealot x2  
  117  8:51  Protoss Ground Weapons Level 1, Pylon  
  121  8:57  Pylon  
  119  9:04  Pylon  
  119  9:05  Zealot x4, Pylon  
  119  9:07  Observer (Chrono Boost), Probe  
  129  9:12  Dark Shrine  
  127  9:19  Zealot x2  
  126  9:28  Stalker x2  
  116  9:45  Probe x2  
  116  9:47  Nexus  
  116  9:51  Pylon  
  116  9:52  Stalker x3  
  124  10:01  Zealot  
  124  10:03  Disruptor (Chrono Boost)  
  129  10:14  Probe  
  129  10:15  Probe  
  129  10:18  Probe  
  132  10:25  Photon Cannon  
  132  10:26  Dark Templar, Probe  
  132  10:27  Shield Battery  
  132  10:28  Disruptor (Chrono Boost)  
  138  10:33  Probe  
  140  10:35  Probe  
  140  10:37  Zealot x4  
  148  10:42  Pylon  
  148  10:49  Forge  
  148  10:52  Pylon  
  148  10:53  Disruptor (Chrono Boost)  
  139  11:04  Probe  
  139  11:10  Stalker x2  
  139  11:11  Zealot x4  
  147  11:14  Probe, Protoss Ground Weapons Level 2 (Chrono Boost)  
  139  11:20  Disruptor (Chrono Boost)  
  139  11:22  Probe  
  139  11:24  Protoss Ground Armor Level 1 (Chrono Boost)  
  139  11:25  Photon Cannon  
  141  11:26  Probe  
  141  11:27  Probe x2  
  141  11:30  Pylon  
  144  11:34  Probe  
  144  11:38  Probe  
  144  11:39  Probe  
  147  11:44  Probe  
  148  11:47  Zealot x5  
  155  11:58  Zealot  
  158  12:01  Observer (Chrono Boost)  
  158  12:02  Probe  
  158  12:03  Probe  
  158  12:07  Pylon  
  150  12:17  Disruptor (Chrono Boost)  
  150  12:18  Zealot x3, Stalker x2  
  156  12:25  Gateway  
  156  12:27  Gateway  
  156  12:28  Pylon  
  128  12:31  Zealot  
  130  12:39  Pylon  
  130  12:40  Nexus  
  130  12:49  Stalker x4  
  123  13:03  Zealot x2  
  123  13:05  Disruptor (Chrono Boost)  
  119  13:17  Zealot x4  
  119  13:18  Pylon  
  107  13:21  Dark Templar  
  101  13:34  Zealot x3  
Tags
 
Add a new tag
Caveats
  • Supply blocks, unpowered buildings, or Contaminate may cause inaccurate times.
  • Supply counts are checked every 10 seconds.